 Dungeon Crawl Stone Soup version 0.21-a0-272-g984ae92 (webtiles) character file.

637 tilp the Firebug (level 7, -2/50 HPs)
             Began as a Hill Orc Fire Elementalist on Sept 15, 2017.
             Was an Initiate of Okawaru.
             Shot with an arrow by a centaur (15 damage)
             ... on level 6 of the Dungeon.
             The game lasted 00:19:01 (5524 turns).

tilp the Firebug (Hill Orc Fire Elementalist)       Turns: 5524, Time: 00:19:01

Health: -2/50      AC:  2    Str: 11    XL:     7   Next: 50%
Magic:  10/12      EV: 12    Int: 17    God:    Okawaru [......]
Gold:   292        SH:  0    Dex: 11    Spells: 7/13 levels left

rFire    . . .     SeeInvis .   b - +0 hunting sling
rCold    . . .     Gourm    .   (no shield)
rNeg     . . .     Faith    .   g - +0 robe
rPois    .         Spirit   .   (no helmet)
rElec    .         Reflect  .   (no cloak)
rCorr    .         Harm     .   (no gloves)
MR       .....                  (no boots)
Stlth    ++........             (no amulet)
HPRegen  0.16/turn              (no ring)
MPRegen  0.13/turn              (no ring)

@: no status effects
A: no striking features
a: Renounce Religion


You were on level 6 of the Dungeon.
You worshipped Okawaru.
Okawaru was noncommittal.
You were not hungry.

You visited 2 branches of the dungeon, and saw 7 of its levels.

You collected 292 gold pieces.

Inventory:

Hand Weapons
 a - a +0 mace of draining
 b - a +0 hunting sling (weapon)
 v - a +0 dagger of venom
 A - a +0 broad axe
Missiles
 e - 56 stones (quivered)
Armour
 g - a +0 robe (worn)
Jewellery
 o - a +5 ring of evasion {unknown}
 q - an uncursed amulet of guardian spirit {unknown}
 s - a cursed ring of loudness {unknown}
 u - an uncursed amulet of regeneration {unknown}
Wands
 f - a wand of acid (6/15)
Scrolls
 d - 2 scrolls of fear {unknown}
 h - 2 scrolls of magic mapping {unknown}
 k - 4 scrolls of amnesia {unknown}
 l - a scroll of recharging {unknown}
 m - a scroll of enchant weapon {unknown}
 n - a scroll of fog {unknown}
 p - 3 scrolls of enchant armour {unknown}
 w - a scroll of identify {unknown}
 y - a scroll of teleportation {unknown}
 B - a scroll of blinking {unknown}
 C - a scroll of remove curse {unknown}
Potions
 t - a potion of ambrosia {unknown}
 x - a potion of mutation {unknown}
 z - 2 potions of curing {unknown}
Books
 i - a book of Flames

   Spells                             Type                      Level
   a - Flame Tongue                   Conjuration/Fire             1
   b - Throw Flame                    Conjuration/Fire             2
   c - Conjure Flame                  Conjuration/Fire             3
   d - Inner Flame                    Hexes/Fire                   3
   e - Sticky Flame                   Conjuration/Fire             4
   f - Fireball                       Conjuration/Fire             5
Comestibles
 c - 5 bread rations
 r - 2 meat rations


   Skills:
 - Level 1.5 Dodging
 - Level 1.5 Stealth
 + Level 3.6 Spellcasting
 + Level 4.7 Conjurations
 + Level 5.9 Fire Magic


You had 7 spell levels left.
You knew the following spells:

 Your Spells              Type           Power        Failure   Level  Hunger
a - Flame Tongue          Conj/Fire      ###..        1%          1    None
b - Throw Flame           Conj/Fire      ###...       2%          2    ##.....
c - Conjure Flame         Conj/Fire      ###.....     5%          3    ###....


Dungeon Overview and Level Annotations

Branches:
Dungeon (6/15)             Temple (1/1) D:4

Altars:
Ashenzari
Cheibriados
Dithmenos
Elyvilon
Fedhas
Hepliaklqana
Kikubaaqudgha
Makhleb
Nemelex Xobeh
Okawaru
Trog
Vehumet
Wu Jian
Xom
Yredelemnul
Zin
The Shining One

Annotations:
D:2 1 runed door


Message History

The centaur shoots an arrow.
The arrow closely misses you.
You see here an arrow.
There is a stone staircase leading up here.
Casting: Flame Tongue
Confirm with . or Enter, or press ? or * to list all spells.
Aiming: Flame Tongue
Press: ? - help, Shift-Dir - straight line, f/p - orc
Aim: an orc, wielding a war axe and wearing a scale mail The flame tongue hits the orc.
The orc is almost dead.
Casting: Flame Tongue
Confirm with . or Enter, or press ? or * to list all spells.
Aiming: Flame Tongue
Press: ? - help, Shift-Dir - straight line, f/p - orc
Aim: an orc, wielding a war axe and wearing a scale mail (almost dead)
The flame tongue hits the orc.
You kill the orc!
Okawaru accepts your kill.
The centaur shoots an arrow.
The arrow hits you!
You die...

.(# # .(..# #...#
##o#.# .c..##.#
#......# #(# #.#
######## #(# ###
#@.....# #.####.##
#)####.#
#..oc...###.####.##
######...(c........
######.####.##
#.####.# #......#
########


You could see a centaur.

Vanquished Creatures
  A phantom (D:5)
  2 ogres (D:4)
  A jelly (D:2)
  2 worker ants (D:4)
  2 orc wizards (D:4)
  A howler monkey zombie (D:5)
  10 adders
  A shadow imp (D:4)
  An ooze (D:5)
  5 worms
  5 dart slugs
  3 leopard geckos
  11 orcs
  5 giant cockroaches
  9 hobgoblins
  7 jackals
  6 quokkas
  2 ball pythons (D:3)
  4 bats
  8 frilled lizards
  9 goblins
  5 kobolds
  A kobold zombie (D:3)
  A leopard gecko skeleton (D:5)
  A quokka skeleton (D:5)
  8 rats
111 creatures vanquished.

Notes
Turn   | Place    | Note
-------+----------+-------------------------------------------
     0 | D:1      | tilp the Hill Orc Fire Elementalist began the quest for the Orb.
     0 | D:1      | Reached XP level 1. HP: 14/14 MP: 3/3
   738 | D:1      | Reached XP level 2. HP: 20/20 MP: 2/4
   903 | D:1      | Learned a level 2 spell: Throw Flame
  1117 | D:1      | Reached XP level 3. HP: 21/26 MP: 5/5
  1420 | D:2      | Learned a level 3 spell: Conjure Flame
  1673 | D:2      | Reached skill level 4 in Fire Magic
  1824 | D:2      | Found a runed door.
  1856 | D:2      | Reached XP level 4. HP: 33/33 MP: 5/7
  2387 | D:3      | Reached XP level 5. HP: 28/38 MP: 5/8
  2562 | D:3      | Found a runed door.
  2562 | D:3      | Noticed a human
  2571 | D:3      | Found a basalt altar of Yredelemnul.
  2875 | D:4      | Found a white marble altar of Elyvilon.
  3075 | D:4      | Found a staircase to the Ecumenical Temple.
  3084 | Temple   | Entered the Ecumenical Temple
  3090 | Temple   | Became a worshipper of Warmaster Okawaru
  3231 | D:4      | Noticed an ogre
  3241 | D:4      | Killed an ogre
  3241 | D:4      | Reached skill level 5 in Fire Magic
  3241 | D:4      | Reached XP level 6. HP: 45/45 MP: 1/10
  3802 | D:4      | Reached XP level 7. HP: 50/50 MP: 1/11
  4136 | D:4      | Reached * piety under Okawaru
  4385 | D:5      | Entered Level 5 of the Dungeon
  5524 | D:6      | Shot with an arrow by a centaur

Vault maps used:
D:1:      dpeg_arrival_rooms_a
D:2:      uniq_crazy_yiuf_cottage
D:3:      dk_yredelemnul_ordeal
D:4:      elyvilon_altar_4, minmay_temple_entry_glassed_door
D:5:      first_bread, hangedman_glass_teeth
D:6:      minmay_diamond_boxcup, serial_bayou, serial_bayou_pond_b,
          serial_bayou_shore_a, serial_bayou_lagoon_a, serial_bayou_lake_a,
          uniq_eustachio
Temple:   kb_temple_of_zot

Skill      XL: |  1  2  3  4  5  6 |
---------------+-------------------+-----
Spellcasting   | 2 3 |  3.6
Conjurations   | 2 3 4 |  4.7
Fire Magic     | 4 5 |  5.9
Dodging        | |  1.5
Stealth        | |  1.5

Action                   |  1- 3 |  4- 6 |  7- 9 || total
-------------------------+-------+-------+-------++-------
Melee: Club              |     6 |       |       ||     6
       Mace              |     3 |    20 |       ||    23
 Fire: Hunting sling     |    68 |    96 |    42 ||   206
Throw: Stone             |     9 |       |       ||     9
 Cast: Flame Tongue      |    36 |    61 |    53 ||   150
       Conjure Flame     |       |     6 |     5 ||    11
       Throw Flame       |       |     3 |       ||     3
  Eat: Chunk             |     4 |     7 |     4 ||    15
       Royal jelly       |       |       |     1 ||     1
Armor: Robe              |     2 |    10 |     6 ||    18
Dodge: Dodged            |    15 |    40 |    24 ||    79

Table legend:
 A = Spawn XP
 B = Non-spawn XP
 C = Spawn XP percentage of total XP
 D = Spawn monster count
 E = Non-spawn monster count
 F = Spawn count percentage of total count
 G = Total turns spent on level
                    A         B        C        D         E        F      G
               +---------+---------+-------+---------+---------+-------+---------
         Total |       0 |     911 |   0.0 |       0 |     111 |   0.0 |  5524
               +---------+---------+-------+---------+---------+-------+---------
           D:1 |       0 |      36 |   0.0 |       0 |      21 |   0.0 |  1297
           D:2 |       0 |      99 |   0.0 |       0 |      23 |   0.0 |   870
           D:3 |       0 |      98 |   0.0 |       0 |      27 |   0.0 |   708
           D:4 |       0 |     462 |   0.0 |       0 |      25 |   0.0 |  1617
           D:5 |       0 |     213 |   0.0 |       0 |      14 |   0.0 |   882
           D:6 |       0 |       3 |   0.0 |       0 |       1 |   0.0 |    45
               +---------+---------+-------+---------+---------+-------+---------
